[Event "Titled Tuesday Blitz February 15 Late 2022"]
[White "Li, Hui"]
[Black "Antonio, Jorge Carlos"]
[WhiteFideId "15400310"]
[BlackFideId "113190"]
[WhiteElo "1954"]
[BlackElo "2247"]
[Result "1/2-1/2"]
[Round "08"]
[TimeControl "180+1"]
[Date "2022.02.16"]
[WhiteClock "0:00:04"]
[BlackClock "0:00:06"]

1. e4 e5 2. Nf3 Nc6 3. Bb5 a6 4. Bxc6 dxc6 5. O-O Bg4 6. h3 Bxf3 7. Qxf3 Nf6 8. d3 Be7 9. Qg3 O-O 10. Qxe5 Bd6 11. Qg5 Qe7 12. Nc3 Be5 13. Bf4 Bxf4 14. Qxf4 Rad8 15. Rfe1 Qb4 16. Rab1 Rfe8 17. Qxc7 Rd7 18. Qg3 a5 19. a3 Qb6 20. Qe3 Qc7 21. b4 axb4 22. axb4 Re6 23. Ne2 Ne8 24. Nd4 Rg6 25. Nf5 Nd6 26. Nxd6 Qxd6 27. Qf3 Qe6 28. Qf5 Qd6 29. b5 c5 30. Ra1 h6 31. Ra8+ Rd8 32. Rxd8+ Qxd8 33. Qd5 Qc8 34. Qf5 Qc7 35. e5 Qa5 36. Re4 Qa1+ 37. Kh2 Re6 38. Rg4 Qxe5+ 39. Qxe5 Rxe5 40. Rc4 b6 41. c3 Rd5 42. d4 cxd4 43. cxd4 Rxb5 44. Rc8+ Kh7 45. Rd8 Rb2 46. Kg3 Rd2 47. d5 b5 48. Kf3 b4 49. Ke3 Rd1 50. Ke4 b3 51. Rb8 Rb1 52. Kf3 b2 53. d6 Rd1 54. Rxb2 Rxd6 55. Rb7 Kg6 56. g3 f6 57. Kg2 Rd2 58. h4 h5 59. Ra7 Rc2 60. Rd7 Rb2 61. Rd4 Rb3 62. Rd1 Rb2 63. Rd5 Rb3 64. Ra5 Rb2 65. Ra8 Rb3 66. Ra4 Rc3 67. Re4 Rc2 68. Kf3 Rc3+ 69. Kf4 Rc2 70. Re3 Rxf2+ 71. Ke4 Rf1 72. Ra3 Re1+ 73. Kf3 Re5 74. Kg2 Kf5 75. Ra7 g6 76. Rg7 Rd5 77. Rg8 g5 78. hxg5 fxg5 79. Rf8+ Kg4 80. Rg8 Rd2+ 81. Kg1 Rd3 82. Kf2 Rf3+ 83. Ke2 Rxg3 84. Kf2 Rf3+ 85. Kg2 Rg3+ 86. Kh2 h4 87. Ra8 Rf3 88. Ra4+ Rf4 89. Ra8 Rb4 90. Ra5 Kf4 91. Kh3 Rb3+ 92. Kg2 g4 93. Ra4+ Kf5 94. Ra5+ Kg6 95. Ra6+ Kf5 96. Ra5+ Kf4 97. Ra4+ Kg5 98. Ra5+ Kf6 99. Ra6+ Ke7 100. Ra7+ Kd6 101. Ra6+ Kc5 102. Rh6 Rb2+ 103. Kg1 h3 104. Rg6 Rb4 105. Kf2 Kd5 106. Rg5+ Ke6 107. Kg3 Kf6 108. Ra5 Kg6 109. Rc5 Kf6 110. Ra5 Ke6 111. Rh5 Re4 112. Ra5 Kf6 113. Rb5 Re5 114. Rb6+ Kf5 115. Rb8 Rd5 116. Rf8+ Kg5 117. Rg8+ Kf5 118. Rf8+ Kg5 119. Rg8+ Kh5 120. Rh8+ Kg6 121. Rg8+ Kf5 122. Rf8+ 1/2-1/2


[Site "https://www.chess.com"]

[Event "Titled Tuesday Blitz February 15 Late 2022"]
[White "Loay, Sameer"]
[Black "Matinian, Nikita"]
[WhiteFideId "8104239"]
[BlackFideId "24129100"]
[WhiteElo "2040"]
[BlackElo "2422"]
[Result "1-0"]
[Round "08"]
[TimeControl "180+1"]
[Date "2022.02.15"]
[WhiteClock "0:01:16"]
[BlackClock "0:00:40"]

1. Nf3 Nf6 2. g3 g6 3. Bg2 Bg7 4. O-O O-O 5. d3 d5 6. c3 Nc6 7. Qa4 e5 8. e4 dxe4 9. dxe4 Bd7 10. Qc2 Qc8 11. Na3 Bh3 12. Nc4 Bxg2 13. Kxg2 Re8 14. Be3 Qg4 15. Nfd2 Rad8 16. b4 Nd4 17. cxd4 exd4 18. f3 Qe6 19. Bg1 d3 20. Qb3 Nh5 21. Rac1 b6 22. Ne3 Qc8 23. b5 Kh8 24. Qxf7 Rd7 25. Qc4 Bb2 26. Rb1 Bg7 27. Nd5 Nf6 28. Nxf6 Bxf6 29. Qc6 Rd6 30. Qc4 h5 31. f4 h4 32. e5 h3+ 33. Kh1 Bxe5 34. fxe5 Rxe5 35. Bd4 Qb7+ 36. Nf3 1-0


[Site "https://www.chess.com"]

[Event "Titled Tuesday Blitz February 15 Late 2022"]
[White "Martirosyan, Haik M."]
[Black "Xiong, Jeffery"]
[WhiteFideId "13306553"]
[BlackFideId "2047640"]
[WhiteElo "2735"]
[BlackElo "2727"]
[Result "1/2-1/2"]
[Round "08"]
[TimeControl "180+1"]
[Date "2022.02.15"]
[WhiteClock "0:00:41"]
[BlackClock "0:00:05"]

1. c4 g6 2. Nc3 c5 3. Nf3 Bg7 4. e3 Nf6 5. d4 cxd4 6. exd4 d5 7. cxd5 Nxd5 8. Bc4 Nb6 9. Be2 O-O 10. O-O Nc6 11. Be3 Bg4 12. d5 Bxf3 13. Bxf3 Ne5 14. Re1 Nbc4 15. Bc1 Rc8 16. Be2 a6 17. Bf1 Re8 18. Rb1 Qa5 19. Qb3 b5 20. Bf4 Nd7 21. Rec1 Nxb2 22. Rxb2 Rxc3 23. Rxc3 Qxc3 24. Rc2 Qxb3 25. axb3 Bd4 26. Rc6 Ra8 27. Be2 Nc5 28. b4 Ne4 29. Kf1 a5 30. bxa5 Rxa5 31. g4 Kg7 32. Rc7 Ra1+ 33. Kg2 Ra2 34. Kf3 Nc3 35. Rxe7 Nxd5 36. Re4 Nxf4 37. Rxf4 Be5 38. Rb4 Bxh2 39. Rxb5 Bd6 40. Rd5 Ra3+ 41. Rd3 Rxd3+ 42. Bxd3 Kf6 43. Bc4 h6 44. Ke4 g5 45. f3 Bf4 46. Bb3 Kg7 47. Ba4 f6 1/2-1/2


[Site "https://www.chess.com"]

[Event "Titled Tuesday Blitz February 15 Late 2022"]
[White "Medeiros Jr, Francisco De Assis"]
[Black "Reprintsev, Alexander"]
[WhiteFideId "2114267"]
[BlackFideId "14100541"]
[WhiteElo "1998"]
[BlackElo "2126"]
[Result "1-0"]
[Round "08"]
[TimeControl "180+1"]
[Date "2022.02.16"]
[WhiteClock "0:01:13"]
[BlackClock "0:00:04"]

1. d4 d5 2. Nf3 Nc6 3. Bf4 Bg4 4. Ne5 Nxe5 5. Bxe5 f6 6. Bg3 e6 7. c3 Bd6 8. Qb3 Ne7 9. Nd2 O-O 10. e4 dxe4 11. Nxe4 Bf5 12. Bd3 Bxg3 13. hxg3 Qd5 14. Qxd5 exd5 15. Nc5 b6 16. Bxf5 Nxf5 17. Nd3 Rfe8+ 18. Kd2 Nd6 19. Rhe1 c5 20. dxc5 Ne4+ 21. Kc2 bxc5 22. f3 Nxg3 23. Nxc5 Nf5 24. Rad1 Ne3+ 25. Rxe3 Rxe3 26. Rxd5 Re2+ 27. Rd2 Rxd2+ 28. Kxd2 h5 29. b4 h4 30. a4 Kf7 31. a5 a6 32. c4 Ke7 33. Ke3 g5 34. Ke4 Rc8 35. Kd5 Rd8+ 36. Kc6 Rd2 37. b5 axb5 38. cxb5 Rxg2 39. a6 Ra2 40. b6 h3 41. b7 h2 42. b8=Q h1=Q 43. Qd6+ Kf7 44. Qe6+ Kg6 45. Qxa2 Qxf3+ 46. Qd5 Qa3 47. Qd3+ Qxd3 48. Nxd3 1-0


[Site "https://www.chess.com"]

[Event "Titled Tuesday Blitz February 15 Late 2022"]
[White "Mekhitarian, Krikor Sevag"]
[Black "Kosteniuk, Alexandra"]
[WhiteFideId "2107660"]
[BlackFideId "4128125"]
[WhiteElo "2598"]
[BlackElo "2469"]
[Result "1-0"]
[Round "08"]
[TimeControl "180+1"]
[Date "2022.02.15"]
[WhiteClock "0:00:16"]
[BlackClock "0:00:28"]

1. e4 e5 2. Bc4 Nc6 3. Nc3 Bc5 4. Qg4 g6 5. Qg3 d6 6. d3 Nd4 7. Bb3 Be6 8. Bxe6 fxe6 9. Kd1 Qd7 10. Nge2 O-O-O 11. Nxd4 exd4 12. Ne2 Nf6 13. Bd2 Rdf8 14. f4 Qb5 15. b3 a5 16. a4 Qb6 17. Kc1 d5 18. e5 Nd7 19. Qe1 Bb4 20. Bxb4 axb4 21. a5 Qb5 22. Nxd4 Qa6 23. g3 c5 24. Nf3 Kb8 25. Rf1 Rc8 26. Kb2 Rc6 27. Qd2 Qb5 28. c4 bxc3+ 29. Qxc3 Rhc8 30. Rfc1 Ra6 31. Nd4 Qb4 32. Qxb4 cxb4 33. Rxc8+ Kxc8 34. Nc2 Kd8 35. Nxb4 Ra8 36. d4 Nb8 37. Nd3 Nc6 38. Kc3 Kc7 39. b4 Na7 40. Nc5 Nb5+ 41. Kd3 Re8 42. h4 h5 43. a6 b6 44. a7 Ra8 45. Nxe6+ Kd7 46. Nf8+ Ke7 47. Nxg6+ Kf7 48. f5 Rxa7 49. Rxa7+ Nxa7 50. Nf4 1-0


[Site "https://www.chess.com"]

[Event "Titled Tuesday Blitz February 15 Late 2022"]
[White "Mikhailov, Viacheslav"]
[Black "Vovk, Orest"]
[WhiteFideId "4187369"]
[BlackFideId "14113490"]
[WhiteElo "2381"]
[BlackElo "2203"]
[Result "0-1"]
[Round "08"]
[TimeControl "180+1"]
[Date "2022.02.15"]
[WhiteClock "0:00:03"]
[BlackClock "0:00:03"]

1. Nf3 h6 2. g3 g5 3. Bg2 g4 4. Nd4 Bg7 5. Nf5 Bf6 6. O-O d5 7. Ne3 d4 8. Nc4 Nc6 9. c3 Be6 10. Qa4 Bd5 11. e4 dxe3 12. Nxe3 Bxg2 13. Kxg2 h5 14. d4 Qd7 15. d5 Ne5 16. Qxd7+ Kxd7 17. Nd2 Bg7 18. Ne4 Nf6 19. Nc5+ Kc8 20. Nf5 Bf8 21. Bf4 Ned7 22. Nxd7 Kxd7 23. Rfe1 h4 24. Rad1 h3+ 25. Kf1 Rh5 26. Ne3 Rd8 27. Rd4 b5 28. a4 a6 29. axb5 axb5 30. Ra1 Kc8 31. Ra8+ Kd7 32. Ra7 Rc8 33. c4 bxc4 34. Nxc4 Ke8 35. Ne3 Bh6 36. Bxh6 Rxh6 37. Nxg4 Nxg4 38. Rxg4 Kf8 39. Rb4 Rd8 40. Ra5 c6 41. Rd4 cxd5 42. Raxd5 Rc8 43. Rd1 Rc2 44. R5d2 Rc5 45. b4 Rb5 46. Rd4 Kg7 47. Rg4+ Rg6 48. Rh4 Rf6 49. Rdd4 Rff5 50. Rxh3 Kf6 51. Rhh4 e5 52. Rc4 Ke7 53. Rh6 Rd5 54. Rc7+ Kf8 55. Rc2 Kg7 56. Rb6 Rd4 57. b5 e4 58. Re2 Rf3 59. Rb7 Kg6 60. Re7 f5 61. b6 Rb3 62. b7 Rb1+ 63. Kg2 Rdb4 64. Rc2 Rxb7 65. Rc6+ Kg5 66. h4+ Kh5 67. Re5 R1b5 0-1


[Site "https://www.chess.com"]

[Event "Titled Tuesday Blitz February 15 Late 2022"]
[White "Mikhailovsky, Vladimir"]
[Black "Vidit, Santosh Gujrathi"]
[WhiteFideId "34105414"]
[BlackFideId "5029465"]
[WhiteElo "2371"]
[BlackElo "2654"]
[Result "0-1"]
[Round "08"]
[TimeControl "180+1"]
[Date "2022.02.15"]
[WhiteClock "0:00:12"]
[BlackClock "0:00:48"]

1. d4 Nf6 2. c4 g6 3. Nc3 d5 4. Nf3 Bg7 5. Bg5 Ne4 6. Bf4 Nxc3 7. bxc3 c5 8. e3 Nc6 9. cxd5 Qxd5 10. Be2 cxd4 11. cxd4 Qa5+ 12. Qd2 Qxd2+ 13. Kxd2 O-O 14. Rhc1 Rd8 15. Ke1 Bf5 16. Rc5 Be4 17. Rac1 e6 18. Rb5 Rac8 19. Bg5 f6 20. Bf4 b6 21. Rb3 Ne7 22. Rxc8 Rxc8 23. Bd3 Bxd3 24. Rxd3 Nd5 25. Bd6 Kf7 26. Kd2 Ke8 27. e4 Bh6+ 28. Ke1 Rc1+ 29. Rd1 Rxd1+ 30. Kxd1 Nc3+ 31. Kc2 Nxe4 32. Bb8 a6 33. Ba7 b5 34. Ne1 Nxf2 35. d5 Ng4 36. h3 Ne3+ 37. Bxe3 Bxe3 38. dxe6 Ke7 39. Nd3 Kxe6 40. Nb4 a5 41. Nc6 Bb6 42. Kd3 Kd6 0-1


[Site "https://www.chess.com"]

[Event "Titled Tuesday Blitz February 15 Late 2022"]
[White "Mikhalsky, Vladimir"]
[Black "Koziorowicz, Michal"]
[WhiteFideId "14144352"]
[BlackFideId "21809194"]
[WhiteElo "2248"]
[BlackElo "2166"]
[Result "1/2-1/2"]
[Round "08"]
[TimeControl "180+1"]
[Date "2022.02.16"]
[WhiteClock "0:00:02"]
[BlackClock "0:00:07"]

1. c4 b5 2. cxb5 a6 3. bxa6 Bxa6 4. g3 d5 5. Bg2 Nf6 6. Nf3 Nbd7 7. d4 e6 8. O-O Bd6 9. Re1 O-O 10. b3 c5 11. dxc5 Nxc5 12. Bb2 Qe7 13. Ne5 Rfc8 14. Nd2 Rab8 15. Ndf3 Na4 16. Bd4 Nc3 17. Qd2 Nfe4 18. Qe3 f6 19. Nc4 dxc4 20. Bxc3 Nxc3 21. Qxc3 cxb3 22. Qa5 b2 23. Qxa6 bxa1=Q 24. Rxa1 Ra8 25. Qd3 Ra3 26. Qb5 Rb8 27. Qc4 Kf8 28. Nd4 Rb4 29. Nxe6+ Kf7 30. Nd8+ Ke8 31. Qg8+ Qf8 32. Qe6+ Kxd8 33. Rd1 Rb6 34. Bh3 Ra7 35. Rc1 Rc7 36. Rd1 Qe7 37. Qg8+ Qe8 38. Qxh7 g6 39. Qh4 Rc2 40. Qxf6+ Qe7 41. Qh8+ Qe8 42. Qf6+ Kc7 43. Qg7+ Kb8 44. Bg2 Rc7 45. Qd4 Bc5 46. Qd5 Rbc6 47. Rb1+ Ka7 48. Qb3 Rb6 49. Qc2 Rxb1+ 50. Qxb1 Qa4 51. Qd3 Bb6 52. Bf1 Qc4 53. Qxg6 Qc5 54. e3 Qc1 55. Qd3 Rf7 56. Qa6+ Kb8 57. Qxb6+ Kc8 58. Qa6+ Kd8 59. Qd6+ Rd7 60. Qf6+ Kc7 61. Qe5+ Kb6 62. Qf6+ Kc7 63. Qf4+ Kd8 64. Qf6+ Kc7 1/2-1/2


[Site "https://www.chess.com"]

[Event "Titled Tuesday Blitz February 15 Late 2022"]
[White "Mladenovic, Stefan"]
[Black "Gracia Alvarez, Gerardo Antonio"]
[WhiteFideId "942227"]
[BlackFideId "5109124"]
[WhiteElo "2355"]
[BlackElo "2139"]
[Result "0-1"]
[Round "08"]
[TimeControl "180+1"]
[Date "2022.02.16"]
[WhiteClock "0:00:15"]
[BlackClock "0:00:05"]

1. d4 Nf6 2. Nf3 g6 3. Bf4 Bg7 4. e3 d6 5. Be2 Nh5 6. Bg5 c5 7. c3 cxd4 8. exd4 h6 9. Bh4 Nf4 10. O-O g5 11. Bg3 Nxe2+ 12. Qxe2 O-O 13. h4 Bg4 14. hxg5 hxg5 15. Qe4 Bxf3 16. Qxf3 Nc6 17. Qh5 e5 18. dxe5 dxe5 19. Rd1 Qf6 20. Nd2 Qh6 21. Qxh6 Bxh6 22. Nc4 f6 23. Rd7 b5 24. Nd6 Rfd8 25. Rxd8+ Rxd8 26. Nxb5 Rb8 27. c4 a6 28. Nc7 Rxb2 29. Nxa6 Rc2 30. c5 Bf8 31. f3 Nb4 32. a4 Nxa6 33. Bf2 Bxc5 34. Bxc5 Rxc5 35. Rb1 Ra5 36. Rb6 Kf7 37. Rb7+ Kg6 38. Ra7 Rxa4 39. g4 Nc5 40. Rc7 Ne6 41. Rc2 Nd4 42. Rf2 Rc4 43. Rf1 Rc2 44. Kh1 Kf7 45. Ra1 Nxf3 46. Ra7+ Ke6 47. Ra6+ Kd5 48. Ra5+ Ke4 49. Ra4+ Nd4 50. Ra1 Kf3 51. Rf1+ Rf2 52. Re1 e4 53. Ra1 e3 54. Ra3 Ke4 55. Ra8 e2 56. Re8+ Kf3 57. Re7 Rf1+ 58. Kh2 e1=Q 59. Re3+ Qxe3 60. Kh3 Rh1# 0-1


[Site "https://www.chess.com"]

[Event "Titled Tuesday Blitz February 15 Late 2022"]
[White "Mogranzini, Roberto"]
[Black "Novikova, Galina"]
[WhiteFideId "810894"]
[BlackFideId "4157095"]
[WhiteElo "2469"]
[BlackElo "1863"]
[Result "1-0"]
[Round "08"]
[TimeControl "180+1"]
[Date "2022.02.16"]
[WhiteClock "0:00:21"]
[BlackClock "0:00:03"]

1. e4 e6 2. d4 d5 3. Bd3 dxe4 4. Bxe4 Nf6 5. Bf3 c5 6. Ne2 Nc6 7. Be3 cxd4 8. Nxd4 Ne5 9. Nc3 Be7 10. Qe2 O-O 11. O-O-O Nxf3 12. Qxf3 Qa5 13. Nb3 Qa6 14. Rhe1 Bd7 15. Bd4 Bc6 16. Qg3 Rfd8 17. f3 Qc4 18. Ne4 Bxe4 19. Rxe4 Rac8 20. c3 Qd5 21. Ree1 Qh5 22. Re5 Qh6+ 23. Be3 Rxd1+ 24. Kxd1 Qg6 25. Qxg6 hxg6 26. Bxa7 Ra8 27. Bc5 Bxc5 28. Rxc5 Rxa2 29. Kc2 Nd5 30. Rc8+ Kh7 31. Nd4 Ra7 32. g3 Ne3+ 33. Kd3 Nf1 34. Rc7 Kg8 35. Rc8+ Kh7 36. Rc7 Kg8 37. Nb5 Ra2 38. Kc2 Nxh2 39. f4 Nf1 40. Rxb7 Nxg3 41. Nd6 Nf5 42. Nxf7 Ne3+ 43. Kd3 Nd1 44. Kc2 Rxb2+ 45. Rxb2 Nxb2 46. Nd8 Nc4 47. Nxe6 Kf7 48. Ng5+ Kf6 49. Kd3 Kf5 50. Kxc4 Kxf4 51. Ne6+ Ke5 52. Nd4 g5 53. Kd3 Kf4 54. c4 g4 55. c5 Ke5 56. c6 g3 57. Ke2 Kxd4 58. c7 1-0


[Site "https://www.chess.com"]

[Event "Titled Tuesday Blitz February 15 Late 2022"]
[White "Moskalenko, Alexander"]
[Black "Zhigalko, Sergei"]
[WhiteFideId "4155351"]
[BlackFideId "13502956"]
[WhiteElo "2515"]
[BlackElo "2662"]
[Result "1/2-1/2"]
[Round "08"]
[TimeControl "180+1"]
[Date "2022.02.15"]
[WhiteClock "0:00:58"]
[BlackClock "0:00:13"]

1. d4 Nf6 2. Nf3 e6 3. Bf4 b6 4. e3 Bb7 5. h3 Bd6 6. Bxd6 cxd6 7. c4 O-O 8. Nc3 d5 9. cxd5 Nxd5 10. Nxd5 Bxd5 11. Bd3 f5 12. Rc1 Nc6 13. Bc4 Be4 14. d5 Na5 15. dxe6 Nxc4 16. e7 Qxe7 17. Rxc4 d5 18. Rd4 f4 19. O-O fxe3 20. fxe3 Rac8 21. Nd2 Rxf1+ 22. Qxf1 Bg6 23. Qf4 h6 24. Rxd5 Rc2 25. Qd4 Rc1+ 26. Kh2 Qc7+ 27. Qf4 Qxf4+ 28. exf4 Rc2 29. f5 Bxf5 30. Rxf5 Rxd2 31. Rb5 Kf7 32. a4 Ke6 33. a5 bxa5 34. Rxa5 Rxb2 35. Rxa7 Kf6 36. Ra3 Kg6 37. Rg3+ Kh7 1/2-1/2


[Site "https://www.chess.com"]

[Event "Titled Tuesday Blitz February 15 Late 2022"]
[White "Nazaretyan, Tigran"]
[Black "Martinez Alcantara, Jose Eduardo"]
[WhiteFideId "24162345"]
[BlackFideId "3805662"]
[WhiteElo "2192"]
[BlackElo "2690"]
[Result "1-0"]
[Round "08"]
[TimeControl "180+1"]
[Date "2022.02.15"]
[WhiteClock "0:00:10"]
[BlackClock "0:00:03"]

1. d4 Nf6 2. c4 e6 3. Nf3 Bb4+ 4. Bd2 Qe7 5. g3 Bxd2+ 6. Qxd2 Nc6 7. Nc3 d5 8. c5 e5 9. dxe5 Nxe5 10. Nxe5 Qxe5 11. Bg2 c6 12. e3 O-O 13. Qd4 Qh5 14. O-O Bh3 15. Bxh3 Qxh3 16. f3 Rfe8 17. Rfe1 Nd7 18. b4 Ne5 19. Rf1 Re6 20. Rae1 Rae8 21. e4 Rf6 22. f4 Ng4 23. Re2 Rh6 24. Qd2 d4 25. Nd1 d3 26. Rg2 Rxe4 27. Qxd3 Re8 28. Nf2 Nxf2 29. Rgxf2 Rhe6 30. Qd7 h5 31. Re2 h4 32. Rxe6 Rxe6 33. Qd8+ Kh7 34. Qxh4+ Qxh4 35. gxh4 Re4 36. a3 Kg6 37. Kg2 Re2+ 38. Kg3 Kf5 39. Rf3 Ke4 40. Rb3 Kd4 41. h5 a6 42. h4 Ke4 43. a4 Kd4 44. Kg4 Kc4 45. Rb1 Re3 46. Kf5 Rh3 47. Rg1 Rxh4 48. Rxg7 Rxh5+ 49. Kg4 Rh1 50. Rxf7 Kxb4 51. Rxb7+ Kxc5 52. a5 Ra1 53. f5 Kd6 54. f6 Ke6 55. f7 Rf1 56. Rc7 Kd6 57. Ra7 c5 58. Kg5 c4 59. Kg6 c3 60. Rxa6+ Kd7 61. Ra7+ Kd6 62. Ra8 Kd7 63. Ra7+ Kc6 64. Ra8 Kb7 65. f8=Q Rg1+ 66. Kh5 Rh1+ 67. Kg4 Rf1 68. Qxf1 1-0


[Site "https://www.chess.com"]

[Event "Titled Tuesday Blitz February 15 Late 2022"]
[White "Nepomniachtchi, Ian"]
[Black "Lin, Dachey"]
[WhiteFideId "4168119"]
[BlackFideId "2029650"]
[WhiteElo "2740"]
[BlackElo "2763"]
[Result "0-1"]
[Round "08"]
[TimeControl "180+1"]
[Date "2022.02.15"]
[WhiteClock "0:01:20"]
[BlackClock "0:00:30"]

1. e4 g6 2. d4 Bg7 3. Nf3 c6 4. Nc3 d5 5. h3 dxe4 6. Nxe4 Nf6 7. Bd3 O-O 8. O-O Nbd7 9. Re1 Nxe4 10. Bxe4 Nf6 11. Bd3 a5 12. a4 Be6 13. Rxe6 fxe6 14. Qe2 Qd7 15. c3 Nd5 16. Bc4 Rf5 17. Bd2 Raf8 18. Re1 e5 19. dxe5 e6 20. Qe4 Qe7 21. Re2 Qc5 22. b4 axb4 23. cxb4 Qe7 24. Qg4 Rf4 25. Bxf4 Rxf4 26. Qg5 Rxc4 27. b5 Rxa4 28. bxc6 bxc6 29. Qc1 c5 30. Rb2 Rb4 31. Ra2 h6 32. Qc2 Kh7 33. Ra6 Rf4 34. Ra8 c4 35. Nh2 Bxe5 36. Ng4 Bg7 37. g3 Rf5 38. Qa2 c3 39. Kh2 h5 40. Ra7 Qf8 41. f4 hxg4 42. hxg4 Rf7 0-1


[Site "https://www.chess.com"]

[Event "Titled Tuesday Blitz February 15 Late 2022"]
[White "Osmonbekov, Talaibek"]
[Black "Van den Dikkenberg, Erik"]
[WhiteFideId "2017253"]
[BlackFideId "1005880"]
[WhiteElo "2135"]
[BlackElo "2118"]
[Result "1-0"]
[Round "08"]
[TimeControl "180+1"]
[Date "2022.02.16"]
[WhiteClock "0:00:30"]
[BlackClock "0:00:01"]

1. d4 Nf6 2. Nc3 g6 3. e4 d6 4. Bf4 Bg7 5. Qd2 c6 6. O-O-O b5 7. f3 b4 8. Nce2 Qa5 9. Kb1 Nbd7 10. g4 O-O 11. h4 h5 12. e5 Nd5 13. Bh6 dxe5 14. gxh5 Nc3+ 15. bxc3 bxc3 16. Nxc3 Bxh6 17. Qxh6 Qxc3 18. hxg6 Rb8+ 19. Kc1 Qa1+ 20. Kd2 Qxd4+ 21. Ke2 Ba6+ 22. Ke1 Qc3+ 23. Kf2 Qxc2+ 24. Rd2 Qc5+ 25. Kg3 Nf6 26. Bxa6 Rb1 27. Rg2 Qd6 28. Bc4 e4+ 29. f4 e6 30. Kh3 Qd4 31. g7 1-0


[Site "https://www.chess.com"]

[Event "Titled Tuesday Blitz February 15 Late 2022"]
[White "Ozdemir, Serhan Berat"]
[Black "Gubajdullin, Alexei"]
[WhiteFideId "6374611"]
[BlackFideId "4141202"]
[WhiteElo "1920"]
[BlackElo "2268"]
[Result "1/2-1/2"]
[Round "08"]
[TimeControl "180+1"]
[Date "2022.02.16"]
[WhiteClock "0:00:03"]
[BlackClock "0:00:50"]

1. e4 g6 2. d4 Bg7 3. Nc3 d6 4. Nf3 a6 5. Be3 b5 6. Qd2 Nd7 7. Bd3 Bb7 8. a4 b4 9. Ne2 a5 10. Ng3 e6 11. c3 bxc3 12. bxc3 Ngf6 13. Bh6 O-O 14. h4 e5 15. h5 exd4 16. cxd4 Re8 17. Bxg7 Kxg7 18. hxg6 fxg6 19. Qh6+ Kg8 20. Kf1 Qe7 21. Re1 Qg7 22. Qh4 Ba6 23. Bxa6 Rxa6 24. e5 Nd5 25. Qe4 c6 26. Ng5 h6 27. Nf3 Rb6 28. Rh4 Nf8 29. Rg4 Rb4 30. Nf5 Qd7 31. Nxh6+ Kh7 32. Rh4 Kg7 33. Ng4 Qf5 34. Qxf5 gxf5 35. Nf6 Nxf6 36. exf6+ Kf7 37. Ng5+ Kxf6 38. Rxe8 Kxg5 39. Rh3 Ng6 40. Rg8 Rb1+ 41. Ke2 Rb2+ 42. Kd3 f4 43. Rf3 c5 44. dxc5 dxc5 45. g3 Kf5 46. Rxg6 Kxg6 47. Rxf4 Rb4 48. Rxb4 cxb4 49. Kc4 Kf5 50. f3 Kg5 51. Kd4 Kf5 52. g4+ Kf4 53. Kc4 Kg5 54. Kb3 Kf4 55. Kc4 Kg5 56. Kb3 Kf4 57. Kc4 1/2-1/2


[Site "https://www.chess.com"]

[Event "Titled Tuesday Blitz February 15 Late 2022"]
[White "Papasimakopoulos, Alexandros"]
[Black "Demchenko, Anton"]
[WhiteFideId "4244125"]
[BlackFideId "4160258"]
[WhiteElo "2340"]
[BlackElo "2539"]
[Result "1-0"]
[Round "08"]
[TimeControl "180+1"]
[Date "2022.02.15"]
[WhiteClock "0:00:22"]
[BlackClock "0:00:03"]

1. d4 Nf6 2. c4 d6 3. Nf3 Nbd7 4. Nc3 e5 5. Bg5 h6 6. Bh4 Be7 7. e3 O-O 8. Be2 exd4 9. exd4 Nh5 10. Bxe7 Qxe7 11. Qd2 c6 12. O-O-O Nb6 13. h3 Nf6 14. Bd3 Be6 15. b3 a5 16. a4 d5 17. c5 Nbd7 18. g4 Ne4 19. Qc2 f5 20. g5 Nxg5 21. Nxg5 Qxg5+ 22. Kb2 b6 23. cxb6 Nxb6 24. Ne2 Qf6 25. Ka2 f4 26. Rhg1 Bf5 27. Nxf4 Bxd3 28. Nxd3 Nd7 29. f4 Rae8 30. Ne5 Nxe5 31. fxe5 Qf2 32. Rc1 Qxd4 33. Rg2 Qxe5 34. Qxc6 Rc8 35. Qxc8 Rxc8 36. Rxc8+ Kh7 37. Rd8 Qe4 38. Rd2 Qe3 39. R8xd5 Qxh3 40. Rxa5 h5 41. Rg5 h4 42. Rdg2 Qd7 43. Rh5+ Kg8 44. Rxh4 Qd5 45. Rhg4 Kf7 46. Rxg7+ Kf8 47. Rg8+ Kf7 48. R8g7+ Kf8 49. R7g3 Qd1 50. Re3 Qc1 51. Rf2+ Kg7 52. Rg3+ Kh8 53. Rh2+ 1-0


[Site "https://www.chess.com"]

[Event "Titled Tuesday Blitz February 15 Late 2022"]
[White "Petrosyan, Manuel"]
[Black "Tanenbaum, Zachary"]
[WhiteFideId "13300857"]
[BlackFideId "2060850"]
[WhiteElo "2592"]
[BlackElo "2168"]
[Result "1-0"]
[Round "08"]
[TimeControl "180+1"]
[Date "2022.02.15"]
[WhiteClock "0:00:52"]
[BlackClock "0:00:05"]

1. e4 e5 2. Nf3 Nc6 3. Bb5 a6 4. Ba4 d6 5. Bxc6+ bxc6 6. d4 exd4 7. Qxd4 c5 8. Qd3 Nf6 9. O-O Be7 10. Nc3 O-O 11. Re1 Bb7 12. Bg5 h6 13. Bh4 Re8 14. Rad1 Nd7 15. Bxe7 Qxe7 16. b3 Ne5 17. Nxe5 Qxe5 18. f3 Re7 19. Nd5 Bxd5 20. Qxd5 Qxd5 21. Rxd5 Rae8 22. Kf2 Re5 23. Red1 f5 24. Rxe5 Rxe5 25. Rd5 Rxd5 26. exd5 Kf7 27. Ke3 Kf6 28. f4 Ke7 29. Kd3 Kd7 30. Kc4 Kc8 31. c3 Kd7 32. b4 cxb4 33. cxb4 Kc8 34. a4 Kb7 35. h3 g6 36. g3 g5 37. fxg5 hxg5 38. Kd4 Kc8 39. h4 f4 40. hxg5 fxg3 41. Ke3 Kd7 42. Kf3 Ke7 43. Kxg3 Kf7 44. Kf4 Kg6 45. a5 1-0


[Site "https://www.chess.com"]

[Event "Titled Tuesday Blitz February 15 Late 2022"]
[White "Petrovic, Aleksa"]
[Black "Moral Garcia, Serafin"]
[WhiteFideId "967629"]
[BlackFideId "2201925"]
[WhiteElo "2139"]
[BlackElo "2228"]
[Result "1/2-1/2"]
[Round "08"]
[TimeControl "180+1"]
[Date "2022.02.16"]
[WhiteClock "0:00:06"]
[BlackClock "0:00:39"]

1. d4 Nf6 2. Nf3 g6 3. Nbd2 d5 4. e3 Bg7 5. b4 O-O 6. Be2 a5 7. b5 c6 8. a4 Nbd7 9. O-O Re8 10. c4 dxc4 11. bxc6 bxc6 12. Nxc4 c5 13. Nce5 cxd4 14. Nc6 Qc7 15. Ncxd4 Bb7 16. Ba3 Rac8 17. Rc1 Qb6 18. Rb1 Qa7 19. Qb3 Ba8 20. Nb5 Qb6 21. Ng5 Bd5 22. Qd1 Qd8 23. Bf3 Nb6 24. Bxd5 Qxd5 25. Qxd5 Nfxd5 26. Rfd1 h6 27. Ne4 Red8 28. Nc5 Nc4 29. Nb7 Nxa3 30. Nxa3 Rd7 31. Nxa5 Ra8 32. N3c4 e6 33. f3 Bc3 34. Kf2 Bxa5 35. Rb5 Bd8 36. a5 Kf8 37. Ra1 Ra6 38. Ne5 Rda7 39. Nc4 Ke7 40. e4 Nc7 41. Rb8 Kd7 42. Ne5+ Ke7 43. Rd1 Ra8 44. Rd7+ Kf6 45. Ng4+ Kg7 46. Rbxd8 Rxd8 47. Rxd8 Rxa5 48. Rd7 Ne8 49. Kg3 h5 50. Ne3 Nf6 51. Rc7 Ra3 52. Nc4 Rc3 53. Kf4 Rc2 54. Kg3 h4+ 55. Kxh4 Rxg2 56. Kh3 Rc2 57. Rc8 Nh5 58. Nd6 Rxc8 59. Nxc8 Kf6 60. Nd6 Nf4+ 61. Kg4 Nd3 62. h4 Ke7 63. Nc4 Nf2+ 64. Kg3 Nd3 65. f4 f6 66. f5 gxf5 67. exf5 e5 68. h5 Kf7 69. Nd6+ Kg7 70. Ne4 Nb4 71. h6+ Kxh6 72. Nxf6 Kg5 73. Ng4 e4 74. Nf2 e3 75. Kf3 exf2 76. Kxf2 Kxf5 1/2-1/2


[Site "https://www.chess.com"]

[Event "Titled Tuesday Blitz February 15 Late 2022"]
[White "Pinheiro, Iung Alicio de O."]
[Black "Romero Ruscalleda, Josep"]
[WhiteFideId "2104350"]
[BlackFideId "2231859"]
[WhiteElo "2624"]
[BlackElo "2413"]
[Result "0-1"]
[Round "08"]
[TimeControl "180+1"]
[Date "2022.02.16"]
[WhiteClock "0:00:15"]
[BlackClock "0:00:09"]

1. e4 g6 2. d4 Bg7 3. Nc3 d6 4. Be3 a6 5. Qd2 b5 6. h4 h5 7. f3 Nd7 8. Nh3 Bb7 9. Ng5 Rc8 10. a4 b4 11. Bc4 Nh6 12. Ne2 O-O 13. Qxb4 Rb8 14. Qd2 c5 15. c3 cxd4 16. cxd4 d5 17. Ba2 dxe4 18. fxe4 Ng4 19. O-O Ndf6 20. d5 Nxe3 21. Qxe3 Ng4 22. Qf3 Qb6+ 23. Kh1 Qxb2 24. Bc4 Ne5 25. Qb3 Qxb3 26. Bxb3 Ng4 27. Rab1 Bc8 28. Bc4 Bd7 29. Bxa6 Rxb1 30. Rxb1 Be5 31. g3 Bd6 32. Bb5 Bc8 33. Kg2 f6 34. Ne6 Bxe6 35. dxe6 Rc8 36. Nd4 Rc3 37. Be8 Kg7 38. a5 Rd3 39. Kf1 Rxd4 40. Bb5 Rb4 41. Rxb4 Bxb4 42. a6 Bc5 43. Ke2 Kf8 44. Kd3 Ne5+ 45. Kc3 Ba7 46. Bd7 g5 47. Kd2 gxh4 48. gxh4 Nf3+ 49. Ke2 Nxh4 50. Kf1 Ng6 51. Kg2 Ne5 52. Kh3 Kg7 53. Kh4 Kh6 54. Be8 Bf2+ 55. Kh3 Kg5 56. Bf7 Ba7 57. Be8 Nf3 58. Bf7 Nd4 59. Kg3 h4+ 60. Kh3 Ne2 61. Bg8 Nf4+ 62. Kh2 Kg4 63. Bf7 Kf3 64. e5 fxe5 65. Bg8 e4 66. Bh7 e3 67. Bc2 e2 68. Bd1 Bg1+ 69. Kh1 exd1=Q 70. a7 Bxa7+ 71. Kh2 Qe2+ 72. Kh1 Qg2# 0-1


[Site "https://www.chess.com"]